AoeStats
← OrcoDues

Nomad

510161999Analyzed
4v4 RM · 1d ago on Sep 29, 2026· 41m 11s· 8 players
Game mode
Random Map
Map size
231×231
Population
200
Speed
Normal
Resources
Standard
Victory
Conquest
Starting age
Dark Age
Ending age
Imperial Age
RankedLock teamsTeams togetherTeam positionsShared explorationLock speedFull tech treeHidden civsTurbo modeCheats
Victory
Defeat
🇦🇷 Vietnamese · Argentina
1225
+14
🇦🇷 Spanish · Argentina
1188
+16
🇲🇽 Persians · Mexico
1176
+16
🇦🇷 Danes · Argentina
1148
+17
🇨🇭 Malay · Switzerland
1204
-16
🇮🇹 Huns · Italy
1187
-16
🇮🇹 Spanish · Italy
1174
-16
🇮🇹 Malians · Italy
1157
-15
mairlarabe
4:28 Loom
14:02 Feudal Age
17:34 Castle Age
15:59 Double-Bit Axe
16:01 Fishing Lines
18:47 Bow Saw
18:19 Horse Collar
19:41 Wheelbarrow
20:07 Heavy Plow
21:32 Hand Cart
23:00 Bloodlines
22:54 Husbandry
23:43 Scale Barding Armor
23:34 Gold Mining
24:56 Chain Barding Armor
24:47 Forging
27:46 Gold Shaft Mining
36:18 Imperial Age
36:03 Cavalier
37:21 Plate Barding Armor
37:21 Iron Casting
37:49 Savar
41:11 Devotion
T-800-DevilModeOn
9:23 Loom
15:04 Feudal Age
18:29 Castle Age
20:46 Double-Bit Axe
21:57 Forging
26:48 Fletching
33:35 Horse Collar
35:34 Murder Holes
36:42 Pikeman
40:41 Heavy Plow
40:56 Gambesons
[TYN] Shamburger
4:19 Loom
16:25 Feudal Age
17:01 Fishing Lines
17:46 Town Watch
18:37 Wheelbarrow
19:45 Fletching
20:07 Forging
19:57 Scale Mail Armor
20:20 Padded Archer Armor
21:42 Double-Bit Axe
27:02 Castle Age
28:14 Bodkin Arrow
28:55 Iron Casting
33:24 Medium Warships
33:06 Gillnets
40:39 Imperial Age
JosemaAlabama
3:45 Loom
14:23 Feudal Age
21:26 Castle Age
21:22 Fishing Lines
23:41 Fletching
26:14 Murder Holes
38:28 Padded Archer Armor
40:56 Bodkin Arrow
$P4D1N0
13:16 Feudal Age
18:54 Castle Age
17:23 Scale Barding Armor
22:35 Forging
24:13 Husbandry
Aztecus
7:07 Loom
13:04 Feudal Age
16:58 Double-Bit Axe
19:16 Castle Age
18:13 Horse Collar
19:46 Bloodlines
19:43 Scale Barding Armor
24:04 Forging
27:27 Chain Barding Armor
30:09 Wheelbarrow
29:54 Heavy Plow
30:39 Gold Mining
34:01 Gold Shaft Mining
35:56 Iron Casting
41:51 Imperial Age
OrcoDues
4:09 Loom
14:58 Feudal Age
20:11 Town Watch
22:10 Gold Mining
22:11 Stone Mining
25:02 Castle Age
23:02 Double-Bit Axe
23:24 Man-at-Arms
Mr. Magnolia
14:55 Feudal Age
18:28 Castle Age
17:24 Loom
21:37 Double-Bit Axe
34:51 Bow Saw
36:29 Wheelbarrow
41:08 Imperial Age
39:57 Fletching
Connection lost

Rejoining the realm…

Still unreachable

The connection could not be restored.

Session expired

The server has moved on; the page needs a fresh start.